Map: Base du roi Sejong EC

Players

IAmTheBoSS - Winner!

  • Race: Protoss Protoss
  • League: Platinum
  • Spawn Location: 5:00

zidar

  • Race: Zerg Zerg
  • League: Platinum
  • Spawn Location: 11:00

VOD

Have the link to the VOD?

Description

Time

  • Played on: Nov. 16, 2016, 3:18 p.m.
  • Length: 8:16
Show
View Real Time Build Order
Export as new Build Order

IAmTheBoSS Protoss - Winner!

Build Orders: 1 Gate Expand 

Get SALT Encoding   

  12  0:01  Probe (Chrono Boost)  
  13  0:22  Pylon  
  13  0:23  Probe (Chrono Boost)  
  14  0:39  Probe (Chrono Boost)  
  15  0:44  Gateway  
  15  0:45  Assimilator  
  15  0:52  Probe (Chrono Boost)  
  16  1:02  Probe (Chrono Boost)  
  17  1:14  Assimilator  
  17  1:33  Nexus  
  17  1:44  Cybernetics Core  
  17  1:48  Probe (Chrono Boost)  
  18  1:59  Probe (Chrono Boost)  
  19  2:14  Warp Gate (Chrono Boost)  
  19  2:15  Pylon  
  19  2:20  Probe (Chrono Boost)  
  20  2:33  Mothership Core (Chrono Boost)  
  20  2:36  Gateway  
  22  2:42  Pylon  
  22  2:50  Probe (Chrono Boost)  
  23  2:53  Probe (Chrono Boost)  
  24  3:00  Pylon  
  24  3:07  Probe (Chrono Boost)  
  24  3:09  Probe (Chrono Boost)  
  26  3:18  Pylon  
  25  3:21  Probe (Chrono Boost)  
  25  3:23  Probe (Chrono Boost)  
  27  3:31  Probe (Chrono Boost)  
  29  3:35  Probe (Chrono Boost)  
  29  3:39  Stargate  
  29  3:44  Probe (Chrono Boost)  
  29  3:45  Assimilator  
  29  3:47  Probe (Chrono Boost)  
  31  3:55  Probe (Chrono Boost)  
  32  3:58  Protoss Air Weapons Level 1 (Chrono Boost), Probe (Chrono Boost)  
  33  4:05  Stargate  
  33  4:10  Probe (Chrono Boost)  
  33  4:14  Probe (Chrono Boost)  
  35  4:21  Probe (Chrono Boost)  
  36  4:27  Void Ray (Chrono Boost), Probe (Chrono Boost)  
  41  4:37  Gateway  
  41  4:39  Probe  
  41  4:41  Gateway  
  41  4:43  Probe  
  43  4:47  Pylon  
  43  4:55  Void Ray (Chrono Boost)  
  47  5:04  Adept  
  47  5:05  Adept  
  51  5:08  Probe  
  51  5:09  Probe  
  51  5:11  Assimilator  
  53  5:19  Twilight Council  
  53  5:20  Probe  
  54  5:23  Probe, Pylon  
  59  5:37  Void Ray (Chrono Boost)  
  59  5:42  Void Ray (Chrono Boost)  
  63  5:45  Probe x2  
  65  5:59  Adept x4  
  65  6:01  Probe  
  74  6:13  Resonating Glaives (Chrono Boost)  
  74  6:14  Void Ray  
  78  6:33  Void Ray  
  82  6:53  Nexus  
  82  6:54  Pylon  
  82  7:00  Adept x2  
  86  7:05  Pylon  
  86  7:07  Pylon x2  
  86  7:12  Probe  
  86  7:15  Adept x2  
  91  7:31  Probe  
  91  7:32  Probe  
  91  7:33  Adept x2  
  97  7:40  Adept x2  
  101  8:11  Adept x4  
  103  8:16  Gateway  
Show
View Real Time Build Order
Export as new Build Order

zidar Zerg 

Build Orders: Hatch First 

Get SALT Encoding   

  12  0:02  Drone  
  13  0:12  Overlord  
  13  0:16  Drone  
  14  0:30  Drone x2  
  16  0:53  Hatchery  
  16  0:55  Drone  
  16  1:03  Extractor  
  15  1:25  Spawning Pool  
  14  1:49  Hatchery  
  14  1:52  Drone x2  
  15  2:02  Drone  
  16  2:12  Queen  
  18  2:26  Queen  
  20  2:34  Metabolic Boost  
  20  2:50  Drone  
  20  2:51  Roach Warren  
  20  3:01  Drone x2  
  22  3:19  Drone x2  
  24  3:23  Queen  
  25  3:37  Drone x6  
  31  3:49  Extractor  
  30  4:06  Drone x3  
  30  4:08  Lair  
  33  4:23  Overlord x2  
  33  4:24  Overlord  
  33  4:38  Spore Crawler  
  32  4:41  Spine Crawler  
  31  4:50  Spore Crawler  
  30  4:53  Spine Crawler, Drone x7  
  36  5:05  Extractor  
  35  5:08  Extractor  
  34  5:15  Drone x6  
  34  5:19  Drone  
  34  5:20  Drone  
  42  5:22  Drone  
  43  5:34  Hydralisk Den  
  42  5:40  Overlord  
  42  5:41  Overlord  
  42  5:58  Overlord  
  42  5:59  Overlord x2  
  42  6:05  Drone  
  42  6:07  Hydralisk x5  
  53  6:15  Drone  
  53  6:17  Drone x5  
  59  6:24  Lurker Den  
  59  6:35  Drone x2  
  59  6:36  Evolution Chamber, Drone  
  61  6:40  Evolution Chamber  
  61  6:42  Drone x7  
  67  6:55  Drone x4  
  71  7:14  Hydralisk x6  
  83  7:19  Pneumatized Carapace  
  83  7:21  Drone x2  
  83  7:22  Drone  
  84  7:31  Hydralisk x3  
  84  7:35  Roach  
  85  7:55  Overlord  
  85  7:56  Overlord x2  
  85  7:57  Overlord  
Tags
 
Add a new tag
Caveats
  • Supply blocks, unpowered buildings, or Contaminate may cause inaccurate times.
  • Supply counts are checked every 10 seconds.